 Dungeon Crawl Stone Soup version 0.31-a0-949-g57150269e1 (webtiles) character file.

Game seed: 6791745788124345815

874 gurdl9716 the Chopper (level 8, 0/65 HPs)
             Began as a Hill Orc Cinder Acolyte on Oct 22, 2023.
             Was a High Priest of Ignis.
             Succumbed to a killer bee's poison
             ... on level 5 of the Dungeon.
             The game lasted 00:04:04 (3711 turns).

gurdl9716 the Chopper (Hill Orc Cinder Acolyte)     Turns: 3711, Time: 00:04:04

Health: 0/65       AC: 10    Str: 19    XL:     8   Next: 4%
Magic:  9/9        EV: 10    Int: 14    God:    Ignis [*****.]
Gold:   238        SH:  5    Dex: 11    Spells: 9/9 levels left

rFire   + . .        l - +0 war axe
rCold   + + +        (no shield)
rNeg    . . .        o - +2 ring mail {rC+}
rPois   +            (no helmet)
rElec   .            g - +1 cloak
rCorr   .            (no gloves)
SInv    +            (no boots)
Will    +....        m - amulet of reflection
Stlth   +            e - ring of willpower
HPRegen 0.30/turn    p - ring "Wuagaasi" {*Corrode rPois rC+ Dex+5 SInv}
MPRegen 0.11/turn

%: corrode self (3%), reflection
@: lethally poisoned (0 -> -4)
A: talons 1, cold resistance 1, frail 1
a: Renounce Religion, Fiery Armour, Foxfire Swarm, Rising Flame


You were on level 5 of the Dungeon.
You worshipped Ignis.
Ignis was extremely pleased with you.
You visited 1 branch of the dungeon, and saw 7 of its levels.

You collected 238 gold pieces.

Inventory:

Hand Weapons
 a - a -1 hand axe of flaming
 l - a +0 war axe (weapon)
Missiles
 f - 2 throwing nets
Armour
 g - a +1 cloak (worn)
 o - a +2 ring mail of cold resistance (worn)
Jewellery
 e - a ring of willpower (left hand)
 m - an amulet of reflection (around neck)
 p - the ring "Wuagaasi" (right hand) {*Corrode rPois rC+ Dex+5 SInv}
   (You found it on level 3 of the Dungeon)

   [ring of see invisible]

   Dex+5:     It affects your dexterity (+5).
   rC+:       It protects you from cold.
   rPois:     It protects you from poison SInv: It lets you see invisible.
   *Corrode:  It may corrode you when you take damage.
Wands
 n - a wand of flame (18)
 r - a wand of light (12)
Scrolls
 b - a scroll of summoning
 c - 3 scrolls of teleportation
 i - 6 scrolls of identify
 k - 3 scrolls of enchant weapon
Potions
 d - a potion of attraction
 h - 3 potions of might
 j - a potion of mutation


   Skills:
 + Level 7.2 Fighting
 + Level 7.9 Axes
 + Level 5.0 Armour
 - Level 1.0 Spellcasting
 - Level 3.2 Fire Magic


You had 9 spell levels left.
You didn't know any spells.
Your spell library contained the following spells:

 Spells                   Type           Power      Damage    Failure   Level
 Scorch                   Fire           18%        2d5       17%         2
 Apportation              Tloc           0%         N/A       41%         1
 Necrotise                Necr           0%         1d4       41%         1
 Summon Small Mammal      Summ           0%         N/A       41%         1
 Poisonous Vapours        Pois/Air       0%         N/A       54%         2
 Gell's Gravitas          Tloc           0%         N/A       78%         3
 Mephitic Cloud           Conj/Pois/Air  0%         N/A       78%         3
 Teleport Other           Tloc           0%         N/A       78%         3
 Freezing Cloud           Conj/Ice/Air   0%         6-21      100%        5
 Dispersal                Tloc           0%         N/A       100%        6


Dungeon Overview and Level Annotations

Branches:
Dungeon (7/15)             Temple (0/1) D:5

Altars:
Gozag


Innate Abilities, Weirdness & Mutations

You have sharp toenails.
Your flesh is cold resistant. (rC+)
You are frail. (-10% HP)


Message History

The killer bee poisons you! The phantom hits you.
* * * LOW HITPOINT WARNING * * *
The killer bee barely misses you. x2
You closely miss the phantom. You claw the phantom, but do no damage.
The phantom is lightly damaged.
You closely miss the killer bee. x2; You hit the killer bee.
* * * LOW HITPOINT WARNING * * *
You feel very sick. The killer bee barely misses you. x3
The killer bee stings you but does no damage. x3
The phantom hits you but does no damage.
You are too injured to fight recklessly!
You barely miss the phantom. Your kick misses the phantom.
The phantom is lightly damaged.
You closely miss the killer bee. x2; You hit the killer bee.
* * * LOW HITPOINT WARNING * * *
You feel very sick.
The killer bee stings you but does no damage.
You block the killer bee's attack. The killer bee barely misses you.
You block the killer bee's attack. x2
The killer bee stings you but does no damage.
The phantom barely misses you.
You are too injured to fight recklessly!
You closely miss the phantom.
The phantom is lightly damaged.
You closely miss the killer bee. You barely miss the killer bee.
You closely miss the killer bee.
* * * LOW HITPOINT WARNING * * *
You feel sick. You block the killer bee's attack.
The killer bee stings you but does no damage.
The killer bee closely misses you. x2; The killer bee barely misses you.
The killer bee stings you.
* * * LOW HITPOINT WARNING * * *
The phantom hits you.
* * * LOW HITPOINT WARNING * * *
The phantom blinks!
You blink.
Found a staircase to the Ecumenical Temple.
Okay, then.
It was a potion of cancellation.
You feel magically purged.
You die...

........# #........# #.
#######
......#.###.########
......#...........#
......##...######..
......##.#.#######.
...................
.......###.#######>#
.......#...#######.#####
#### #........@W......
#...##......≈≈≈≈≈
######§y..≈≈≈≈≈≈≈ .
#y§y≈≈≈≈≈≈≈≈≈
..oy≈≈≈≈≈≈≈≈≈≈
#....≈≈≈≈≈≈...≈
#....≈≈≈≈≈≈.>.≈
.....≈≈≈≈≈≈...~
##.....≈≈≈≈≈≈


You could see a phantom, 4 killer bees and an orc.

Vanquished Creatures
  Prince Ribbit (D:5)
  Eustachio (D:5)
  Menkaure (D:5)
  A scorpion (D:4)
  A killer bee (D:5)
  An orc priest (D:4)
  3 hounds
  An orc wizard (D:4)
  A sleepcap (D:5)
  6 adders
  A worm (D:2)
  5 dart slugs
  8 orcs
  5 ball pythons
  5 bats
  5 endoplasms
  2 giant cockroaches
  8 goblins
  5 hobgoblins (D:1)
  4 jackals (D:2)
  6 kobolds
  2 quokkas
  7 frilled lizards
  A rat (D:2)
81 creatures vanquished.

Notes
Turn   | Place    | Note
-------+----------+-------------------------------------------
     0 | D:1      | gurdl9716 the Hill Orc Cinder Acolyte began the quest for
                  | the Orb.
     0 | D:1      | Reached XP level 1. HP: 19/19 MP: 2/2
   163 | D:1      | Reached XP level 2. HP: 10/27 MP: 3/3
   792 | D:2      | Reached XP level 3. HP: 28/33 MP: 4/4
   862 | D:2      | Found an opulent altar of Gozag.
   887 | D:2      | Found a faded altar of an unknown god.
   984 | D:2      | Reached skill level 1 in Armour
  1060 | D:2      | Reached skill level 5 in Axes
  1199 | D:2      | Reached XP level 4. HP: 38/41 MP: 5/5
  1665 | D:3      | Identified the ring "Wuagaasi" {*Corrode rPois rC+ Dex+5
                  | SInv}
  1713 | D:3      | Gained mutation: You are frail. (-10% HP) [potion of
                  | mutation]
  1713 | D:3      | Gained mutation: You have sharp toenails. [potion of
                  | mutation]
  1713 | D:3      | Gained mutation: Your flesh is cold resistant. (rC+)
                  | [potion of mutation]
  2469 | D:4      | Reached skill level 5 in Fighting
  2469 | D:4      | Reached XP level 5. HP: 39/43 MP: 6/6
  2600 | D:4      | You fall into a shaft and drop 3 floors!
  2600 | D:7      | Identified the "Qiudemnimott"
  2661 | D:5      | Entered Level 5 of the Dungeon
  2808 | D:5      | Noticed Menkaure
  2810 | D:5      | Noticed Eustachio
  2814 | D:5      | Killed Menkaure
  2815 | D:5      | Reached XP level 6. HP: 39/51 MP: 7/7
  2824 | D:5      | HP: 2/51 [ufetubus[Eustachio] (1)]
  2827 | D:5      | Killed Eustachio
  2828 | D:5      | Reached XP level 7. HP: 4/57 MP: 8/8
  3311 | D:4      | Identified the +0 ring mail "Osyecudi" {rC+}
  3639 | D:5      | Noticed Prince Ribbit
  3647 | D:5      | Killed Prince Ribbit
  3704 | D:5      | Reached skill level 5 in Armour
  3704 | D:5      | Reached XP level 8. HP: 39/65 MP: 9/9
  3710 | D:5      | HP: 3/65 [killer bee (1)]
  3710 | D:5      | HP: 1/65 [phantom (2)]
  3710 | D:5      | Found a staircase to the Ecumenical Temple.
  3711 | D:5      | Succumbed to a killer bee's poison

Illustrated notes

Levels and vault maps discovered:
D:1:      shiori_arrival_elements, layout_loops_ring
D:2:      layout_rooms, basic_altar, basic_ecumenical_altar
D:3:      layout_basic, kennysheep_nub
D:4:      layout_basic
D:5:      layout_basic, temple_pool_b, uniq_prince_ribbit1, uniq_menkaure,
          uniq_eustachio
D:6:      layout_loops_ring, minivault_5, minmay_misc_feat_more_columns,
          hellmonk_no_cap
D:7:      layout_loops_ring, dk_noncrumbling_4, uniq_maggie, uniq_jeremiah

Skill      XL: |  1  2  3  4  5  6  7 |
---------------+----------------------+-----
Fighting       | 4 5 6 7 |  7.2
Armour         | 1 2 3 5 |  5.0
Axes           | 5 6 7 |  7.9
Spellcasting   | |  1.0
Fire Magic     | |  3.2

Action                     |  1- 3 |  4- 6 |  7- 9 || total
---------------------------+-------+-------+-------++-------
  Melee: Hand axe          |   100 |    75 |       ||   175
         Punch             |     2 |     1 |       ||     3
         Kick              |       |    17 |    11 ||    28
         War axe           |       |    53 |    46 ||    99
    Use: Potion            |       |     6 |     1 ||     7
         Scroll            |       |     3 |     1 ||     4
 Armour: Robe              |    18 |       |       ||    18
         Ring mail         |    51 |    89 |    53 ||   193
  Dodge: Dodged            |    48 |    58 |    40 ||   146
  Block: Other             |     4 |    33 |    21 ||    58

Table legend: (Time is in decaauts)
 A = Elapsed time spent in this place.
 B = Non-inter-level travel time spent in this place.
 C = Inter-level travel time spent in this place.
 D = Time resting spent in this place.
 E = Time spent auto-exploring this place.
 F = Levels seen in this place.
 G = Mean time per level.
                   A        B        C        D        E       F      G
               +--------+--------+--------+--------+--------+-----+--------+
         Total |   3734 |   3395 |    339 |     71 |   2697 |   7 |  533.4 |
       Dungeon |   3734 |   3395 |    339 |     71 |   2697 |   7 |  533.4 |
               +--------+--------+--------+--------+--------+-----+--------+

Top non-repeatable levels by time:
     D:3: 1025 daAuts
     D:1: 749 daAuts
     D:2: 690 daAuts
     D:4: 660 daAuts
     D:5: 548 daAuts
     D:7: 34 daAuts
     D:6: 25 daAuts
